Map: Deathaura LE

Players

RaiLz - Winner!

  • Race: Protoss Protoss
  • League: Master
  • Spawn Location: 5:00

Tunico

  • Race: Zerg Zerg
  • League: Master
  • Spawn Location: 11:00

VOD

Have the link to the VOD?

Description

Time

  • Played on: July 8, 2020, 10:09 p.m.
  • Length: 26:11
Show
View Real Time Build Order
Export as new Build Order

RaiLz Protoss - Winner!

Build Orders: 1 Gate Expand, Oracle Opening, Carriers 

Get SALT Encoding   

  12  0:01  Probe  
  13  0:13  Probe  
  14  0:18  Pylon  
  14  0:25  Probe  
  15  0:33  Probe  
  15  0:40  Gateway  
  15  0:41  Probe  
  16  0:49  Assimilator  
  17  0:51  Probe  
  18  1:03  Probe  
  19  1:15  Probe  
  20  1:26  Nexus  
  20  1:36  Probe  
  20  1:37  Cybernetics Core  
  20  1:44  Probe  
  20  1:45  Pylon  
  21  1:53  Assimilator  
  22  1:55  Probe  
  23  2:03  Adept  
  23  2:07  Probe  
  26  2:19  Probe  
  27  2:25  Stargate  
  27  2:31  Probe  
  28  2:38  Probe  
  28  2:41  Warp Gate  
  28  2:43  Probe  
  30  2:47  Probe  
  30  2:48  Gateway  
  31  2:55  Probe x2  
  32  3:01  Oracle  
  32  3:05  Probe  
  33  3:07  Probe  
  37  3:13  Shield Battery  
  37  3:17  Probe  
  39  3:20  Probe  
  39  3:26  Pylon  
  39  3:29  Probe  
  39  3:32  Assimilator, Probe  
  39  3:34  Assimilator  
  41  3:37  Oracle  
  41  3:40  Probe  
  45  3:48  Probe  
  45  3:50  Probe  
  47  3:56  Probe  
  47  3:58  Stargate  
  49  4:02  Probe  
  49  4:05  Pylon  
  49  4:07  Probe  
  50  4:15  Probe  
  51  4:17  Nexus  
  51  4:18  Pylon  
  51  4:20  Probe  
  52  4:24  Oracle  
  54  4:37  Probe x2  
  54  4:38  Stalker  
  57  4:40  Pylon  
  57  4:42  Oracle  
  61  4:46  Stalker  
  61  4:47  Probe  
  61  4:49  Probe  
  65  4:58  Probe  
  66  5:01  Probe  
  66  5:05  Twilight Council  
  66  5:06  Probe  
  67  5:09  Forge  
  67  5:12  Shield Battery  
  67  5:13  Probe  
  69  5:14  Probe  
  69  5:16  Pylon  
  69  5:20  Adept  
  72  5:25  Probe  
  72  5:26  Probe x2, Oracle  
  77  5:33  Probe  
  77  5:34  Probe, Pylon  
  78  5:38  Probe  
  78  5:41  Probe  
  78  5:42  Oracle  
  84  5:47  Protoss Ground Weapons Level 1, Charge  
  85  5:52  Templar Archives  
  85  5:57  Probe  
  85  5:59  Probe  
  85  6:00  Probe  
  88  6:09  Probe  
  88  6:10  Void Ray  
  88  6:11  Probe  
  94  6:14  Shield Battery  
  94  6:15  Shield Battery  
  94  6:18  Probe, Robotics Facility  
  95  6:22  Void Ray  
  95  6:23  Probe  
  96  6:25  Probe  
  96  6:29  Gateway  
  96  6:31  Gateway  
  97  6:33  Gateway  
  97  6:36  Probe  
  97  6:39  Assimilator  
  102  6:42  Pylon  
  102  6:43  Assimilator  
  102  6:51  Adept x2  
  106  6:56  Gateway x2  
  104  7:09  Probe  
  104  7:11  Probe  
  104  7:12  Stalker  
  106  7:17  Stalker  
  106  7:18  Probe  
  109  7:25  Probe  
  109  7:26  Probe  
  109  7:27  Probe  
  106  7:34  Probe  
  104  7:37  Probe  
  104  7:38  Void Ray  
  104  7:39  Probe, Void Ray  
  104  7:43  Probe  
  101  7:49  Probe  
  101  7:50  Stalker  
  101  7:52  Probe  
  101  7:57  Probe  
  101  8:07  Protoss Ground Weapons Level 2  
  101  8:12  Pylon  
  101  8:18  Psionic Storm  
  101  8:25  Nexus, Fleet Beacon  
  101  8:27  Pylon  
  101  8:30  Probe x3, Observer  
  101  8:33  Pylon  
  105  8:36  Pylon  
  105  8:42  Probe x3  
  108  8:50  Zealot x4  
  116  9:02  High Templar x3  
  119  9:07  Probe  
  116  9:14  Photon Cannon  
  115  9:17  Zealot x4  
  115  9:23  Carrier  
  123  9:26  Photon Cannon  
  123  9:27  Carrier  
  123  9:28  Photon Cannon  
  123  9:30  Photon Cannon  
  123  9:33  Shield Battery x2  
  123  9:34  Probe  
  123  9:37  Probe  
  137  9:43  Pylon, Zealot  
  137  9:45  Pylon  
  139  9:46  Protoss Air Weapons Level 1  
  133  9:53  Archon  
  133  9:54  Zealot x3  
  133  9:55  Probe  
  133  9:56  Probe  
  133  9:57  Probe  
  133  9:59  Probe  
  135  10:05  Zealot x3  
  135  10:06  Zealot  
  120  10:15  Zealot x3  
  116  10:26  Zealot x2  
  116  10:27  Zealot x2  
  123  10:30  Nexus  
  123  10:34  Assimilator  
  123  10:36  Assimilator  
  119  10:45  Probe  
  119  10:46  Zealot x2  
  110  10:50  Probe x2  
  110  10:51  Zealot  
  110  10:52  Zealot  
  107  11:01  Zealot  
  109  11:10  Carrier  
  115  11:20  Nexus  
  115  11:24  Pylon  
  115  11:25  High Templar  
  117  11:27  Pylon  
  117  11:28  Pylon  
  117  11:30  Pylon  
  117  11:32  Carrier  
  117  11:43  High Templar x2  
  117  11:44  High Templar x2  
  117  11:45  Probe  
  117  11:46  Probe  
  133  11:59  Gateway  
  133  12:02  Probe  
  133  12:04  Gateway  
  133  12:05  Protoss Ground Weapons Level 3  
  133  12:06  Gateway  
  134  12:08  Carrier  
  134  12:12  Probe  
  134  12:15  Probe x2  
  141  12:16  Probe  
  141  12:19  Carrier  
  141  12:20  Photon Cannon  
  144  12:27  Probe  
  144  12:28  Probe x2  
  147  12:32  Probe  
  147  12:33  Probe  
  152  12:40  Photon Cannon  
  152  12:42  Photon Cannon  
  152  12:50  Assimilator  
  149  12:53  Assimilator, High Templar x4  
  149  12:54  High Templar  
  156  13:03  Stalker  
  154  13:06  Stalker x2  
  156  13:13  Carrier  
  156  13:17  Probe  
  159  13:25  Carrier  
  156  13:28  Pylon  
  156  13:30  Pylon  
  154  13:35  Pylon  
  154  13:36  Pylon  
  154  13:37  Zealot x5  
  155  13:44  Stalker  
  155  13:45  Adept  
  155  13:46  Adept  
  146  14:01  Zealot x5  
  156  14:06  Photon Cannon  
  152  14:17  High Templar x2  
  156  14:31  Pylon  
  156  14:41  Probe x3  
  151  14:55  Nexus  
  151  14:58  Pylon  
  151  14:59  Pylon  
  151  15:04  Pylon  
  151  15:07  Pylon  
  151  15:13  Pylon  
  151  15:14  Nexus  
  151  15:16  Carrier  
  151  15:17  Carrier  
  163  15:44  Pylon, Zealot  
  163  15:45  Zealot x3  
  171  15:52  Zealot  
  173  16:07  Zealot x3  
  160  16:19  Zealot  
  160  16:20  Zealot x2, Carrier  
  160  16:21  Carrier  
  160  16:25  Stalker x2  
  148  16:38  Zealot x2  
  154  16:46  Probe  
  154  16:50  Probe x2  
  157  16:54  Probe  
  157  17:00  Probe  
  157  17:01  Cybernetics Core  
  158  17:02  Probe  
  158  17:04  Probe  
  158  17:08  Probe  
  161  17:14  Probe  
  163  17:19  High Templar x5  
  137  18:24  Archon x2  
  93  18:55  Pylon  
  87  19:17  Probe  
  82  19:29  Probe  
  83  19:35  Dark Shrine  
  83  19:47  Pylon  
  83  19:49  Pylon  
  83  20:34  Zealot  
  83  20:35  Zealot  
  67  21:31  Observer  
  67  21:37  Archon  
  67  21:40  Archon  
  67  21:42  Archon  
Show
View Real Time Build Order
Export as new Build Order

Tunico Zerg 

Build Orders: Hatch First 

Get SALT Encoding   

  12  0:01  Drone  
  13  0:13  Overlord  
  13  0:17  Drone  
  14  0:31  Drone x2  
  16  0:48  Hatchery  
  15  0:51  Drone  
  16  0:58  Drone  
  16  1:00  Drone  
  16  1:01  Extractor  
  17  1:16  Spawning Pool  
  17  1:17  Drone  
  17  1:26  Drone  
  18  1:34  Drone  
  19  1:41  Overlord  
  19  2:03  Queen  
  19  2:04  Queen  
  19  2:05  Metabolic Boost  
  19  2:06  Drone x2  
  25  2:09  Drone  
  25  2:13  Drone  
  25  2:15  Drone  
  28  2:27  Drone x2  
  30  2:39  Zergling x2  
  30  2:41  Hatchery  
  30  2:45  Zergling x4  
  30  2:51  Overlord  
  32  3:01  Drone x2  
  32  3:02  Queen  
  36  3:15  Drone  
  36  3:16  Drone x5  
  42  3:22  Overlord  
  42  3:32  Extractor  
  42  3:33  Roach Warren  
  40  3:35  Overlord  
  40  3:37  Drone x2  
  42  3:49  Drone  
  42  3:53  Spore Crawler x2  
  42  3:54  Drone, Queen  
  43  4:01  Drone  
  43  4:02  Drone x5  
  49  4:03  Drone  
  49  4:07  Spore Crawler  
  49  4:18  Overlord, Lair  
  49  4:20  Extractor  
  48  4:30  Drone x8  
  54  4:48  Overlord  
  54  4:53  Drone  
  54  4:54  Drone x6  
  54  4:59  Spore Crawler  
  60  5:04  Spore Crawler  
  60  5:05  Spore Crawler  
  58  5:09  Overlord, Drone  
  58  5:11  Roach x6  
  71  5:15  Glial Reconstitution  
  71  5:22  Overlord  
  71  5:25  Roach  
  71  5:27  Overlord x2  
  73  5:30  Roach x3  
  79  5:36  Overlord  
  79  5:37  Roach  
  79  5:40  Overlord x2  
  79  5:42  Roach  
  83  5:43  Roach  
  83  5:49  Roach x3  
  91  5:50  Roach  
  95  6:04  Roach x7  
  95  6:10  Zergling x8  
  95  6:11  Zergling x4  
  113  6:17  Overlord  
  111  6:25  Zergling x2  
  111  6:26  Zergling x8  
  116  6:35  Overlord  
  116  6:36  Zergling x4  
  118  6:50  Hatchery  
  118  6:52  Zergling x16  
  125  7:00  Zergling x10  
  126  7:09  Roach x6  
  112  7:24  Drone x6  
  110  7:30  Drone, Hydralisk Den  
  110  7:32  Extractor  
  110  7:33  Extractor  
  102  7:41  Drone x3  
  98  7:55  Drone x4  
  98  7:59  Hydralisk x5  
  98  8:00  Hydralisk x3  
  110  8:08  Drone x4  
  114  8:13  Hydralisk  
  114  8:15  Grooved Spines  
  116  8:21  Drone x2  
  116  8:22  Hydralisk x3  
  124  8:32  Hydralisk x7  
  124  8:33  Hydralisk x2  
  142  8:37  Overlord, Spore Crawler  
  142  8:38  Spore Crawler  
  140  8:50  Overlord x3  
  140  8:51  Zergling x2  
  140  8:52  Zergling x6  
  142  9:08  Overlord  
  142  9:09  Hydralisk x9  
  158  9:27  Queen, Muscular Augments  
  160  9:34  Extractor  
  160  9:35  Extractor, Zergling x26  
  160  9:36  Zergling x4  
  173  9:38  Extractor  
  147  10:00  Zergling x2  
  147  10:01  Zergling x28  
  154  10:11  Roach  
  154  10:12  Roach  
  151  10:21  Roach  
  151  10:22  Roach x3  
  151  10:28  Evolution Chamber x2, Hydralisk x5  
  158  10:29  Hydralisk  
  158  10:43  Hydralisk  
  158  10:44  Hydralisk x4  
  115  10:58  Spire  
  115  11:03  Drone x9  
  114  11:19  Hydralisk  
  114  11:20  Hydralisk x9  
  114  11:24  Zerg Missile Weapons Level 1  
  134  11:28  Hatchery  
  133  11:33  Overlord  
  133  11:44  Drone x12  
  145  11:52  Zerg Melee Weapons Level 1  
  144  11:55  Hydralisk  
  144  11:56  Hydralisk x4  
  154  12:03  Baneling Nest  
  152  12:11  Corruptor x4  
  159  12:19  Corruptor x2  
  162  12:37  Corruptor x5  
  162  12:38  Corruptor  
  174  13:03  Zergling x24  
  174  13:04  Zergling x6  
  189  13:09  Infestation Pit  
  185  13:22  Overlord x3  
  177  13:34  Corruptor x6  
  178  13:58  Corruptor x7  
  194  14:04  Zerg Missile Weapons Level 2  
  194  14:06  Zergling x10  
  199  14:16  Zergling x12  
  199  14:17  Zergling x12  
  197  14:21  Hive  
  190  14:51  Centrifical Hooks  
  184  14:53  Zergling x30  
  199  15:08  Baneling x12  
  199  15:09  Baneling x8  
  199  15:13  Extractor  
  198  15:14  Extractor  
  198  15:16  Lurker Den  
  190  15:39  Greater Spire  
  184  15:46  Hatchery  
  177  15:50  Corruptor x11  
  196  16:17  Corruptor x3  
  196  16:18  Corruptor x7  
  154  16:57  Pathogen Glands  
  154  17:21  Extractor  
  153  17:23  Hatchery  
  153  17:24  Extractor  
  150  17:33  Zergling x10  
  150  17:37  Zergling x40  
  116  18:39  Brood Lord x3  
  116  18:40  Brood Lord x4  
  116  18:41  Infestor  
  127  18:58  Drone x3  
  108  19:29  Hydralisk x8  
  101  19:48  Hydralisk x3  
  52  21:31  Hatchery  
  40  21:52  Spawning Pool  
  11  23:11  Zergling x6  
  10  23:13  Zergling x6  
  13  23:36  Zergling x4  
  13  23:45  Zergling x2  
  9  24:52  Drone  
Tags
 
Add a new tag
Caveats
  • Supply blocks, unpowered buildings, or Contaminate may cause inaccurate times.
  • Supply counts are checked every 10 seconds.